 Dungeon Crawl Stone Soup version 0.28-a0-1518-gbe868bca14 (webtiles) character file.

Game seed: 17934934716624059826

607 croobank the Cleaver (level 7, -2/60 HPs)
             Began as a Minotaur Berserker on Jan 16, 2022.
             Was a Priest of Trog.
             Slain by a scorpion (5 damage)
             ... on level 5 of the Dungeon.
             The game lasted 00:16:32 (5323 turns).

croobank the Cleaver (Minotaur Berserker)           Turns: 5323, Time: 00:16:33

Health: -2/60      AC:  5    Str: 24    XL:     7   Next: 19%
Magic:  6/6        EV: 11    Int:  4    God:    Trog [***...]
Gold:   181        SH:  0    Dex:  9    Spells: 6/6 levels left

rFire   . . .      SeeInvis .   q - +0 demon blade (vamp)
rCold   . . .      Faith    .   (no shield)
rNeg    . . .      Spirit   .   t - +0 ring mail
rPois   .          Reflect  .   (helmet restricted)
rElec   .          Harm     .   (no cloak)
rCorr   .          Rampage  .   (no gloves)
Will    .....                   (no boots)
Stlth   ..........              (no amulet)
HPRegen 0.20/turn               (no ring)
MPRegen 0.10/turn               (no ring)

@: lethally poisoned (-2 -> -8)
A: horns 2, retaliatory headbutt
a: Renounce Religion, Berserk, Trog's Hand


You were on level 5 of the Dungeon.
You worshipped Trog.
Trog was most pleased with you.
You visited 1 branch of the dungeon, and saw 5 of its levels.

You collected 181 gold pieces.

Inventory:

Hand Weapons
 a - a +0 hand axe
 b - a +0 hunting sling
 d - a +2 executioner's axe of flaming
 l - a +2 whip of venom
 o - a +1 vorpal flail
 q - a +0 vampiric demon blade (weapon)
Missiles
 c - 36 bolts
 f - 17 poisoned darts
 h - 161 stones (quivered)
 r - 87 arrows
Armour
 n - a scarf of shadows
 t - a +0 ring mail (worn)
Jewellery
 e - an amulet of faith
 i - an amulet of guardian spirit
Wands
 j - a wand of charming (9)
Scrolls
 g - a scroll of identify
 k - 2 scrolls of teleportation
Potions
 m - a potion of flight
 p - 2 potions of haste {unknown}


   Skills:
 - Level 4.3 Fighting
 + Level 3.3 Long Blades
 - Level 8.3 Axes
 - Level 3.4 Armour
 - Level 3.0 Dodging


You had 6 spell levels left.
You didn't know any spells.
Your spell library was empty.

Dungeon Overview and Level Annotations

Branches:
Dungeon (5/15)             Temple (0/1) D:4

Altars:
Elyvilon
Fedhas
Makhleb
Sif Muna
Wu Jian


Innate Abilities, Weirdness & Mutations

You have a pair of horns on your head.
You reflexively headbutt those who attack you in melee.


Message History

You barely miss the water moccasin skeleton.
The water moccasin skeleton is moderately damaged.
The water moccasin skeleton bites you.
You slash the water moccasin skeleton!
Your headbutt misses the water moccasin skeleton.
The water moccasin skeleton is severely damaged.
The water moccasin skeleton barely misses you. x2
You barely miss the water moccasin skeleton.
Your headbutt misses the water moccasin skeleton.
The water moccasin skeleton is severely damaged.
The water moccasin skeleton closely misses you.
You furiously retaliate!
You headbutt the water moccasin skeleton!
You destroy the water moccasin skeleton!
Trog accepts your kill.
Your Long Blades skill increases to level 3!
There is a stone staircase leading up here.
You open the door.
A scorpion comes into view.
The scorpion stings you.
You slash the scorpion! Your headbutt misses the scorpion.
The scorpion is heavily wounded.
The scorpion stings you.
You are poisoned.
The scorpion poisons you!
A centaur comes into view.
The scorpion stings you.
The centaur shouts!
You hit the scorpion.
You feel better.
The scorpion is heavily wounded.
You feel very sick. The scorpion barely misses you. You furiously retaliate!
You headbutt the scorpion.
The centaur wields a +4 shortbow.
The centaur shoots an arrow.
The arrow hits you!
You feel sick.
The centaur shoots an arrow.
The arrow hits you.
There is a stone staircase leading up here.
You feel sick.
The centaur shoots an arrow.
The arrow hits you!
* * * LOW HITPOINT WARNING * * *
The scorpion stings you.
You die...

## ... .... .....
.##########......
...c......'......
........@s#......
..........# .....
########..# ....
#..# ### .....
.....# ......#
......# ....#


You could see a centaur and a scorpion.

Vanquished Creatures
  2 ogres (D:4)
  2 scorpions (D:4)
  A water moccasin skeleton (D:5)
  An iguana (D:4)
  2 orc wizards (D:4)
  5 adders
  3 gnolls (D:4)
  A worm (D:4)
  7 dart slugs
  12 orcs
  6 endoplasms
  2 giant cockroaches (D:1)
  16 goblins
  9 hobgoblins
  3 jackals (D:2)
  13 kobolds
  9 ball pythons
  4 bats
  A frilled lizard (D:2)
  8 rats
107 creatures vanquished.

Notes
Turn   | Place    | Note
-------+----------+-------------------------------------------
     0 | D:1      | croobank the Minotaur Berserker began the quest for the
                  | Orb.
     0 | D:1      | Reached XP level 1. HP: 19/19 MP: 0/0
    63 | D:1      | Found a faded altar of an unknown god.
   341 | D:1      | Reached XP level 2. HP: 26/27 MP: 1/1
   871 | D:1      | Reached skill level 4 in Axes
  1090 | D:2      | Reached ** piety under Trog
  1091 | D:2      | Reached XP level 3. HP: 25/33 MP: 2/2
  2228 | D:2      | Reached XP level 4. HP: 37/41 MP: 3/3
  2538 | D:2      | Identified a scroll of acquirement
  2538 | D:2      | Acquired a +1 executioner's axe of flaming
  2676 | D:3      | Found a white marble altar of Elyvilon.
  3049 | D:3      | Found an ornate altar of the Wu Jian Council.
  3049 | D:3      | Found a burning altar of Makhleb.
  3050 | D:3      | Found a shimmering blue altar of Sif Muna.
  3577 | D:4      | Reached skill level 5 in Axes
  3889 | D:4      | Reached XP level 5. HP: 47/47 MP: 4/4
  3889 | D:4      | Reached *** piety under Trog
  3910 | D:4      | Reached skill level 6 in Axes
  3980 | D:4      | Noticed an ogre
  3990 | D:4      | Killed an ogre
  3991 | D:4      | Reached skill level 7 in Axes
  3991 | D:4      | Reached XP level 6. HP: 15/53 MP: 5/5
  4373 | D:4      | Found a blossoming altar of Fedhas.
  4619 | D:4      | Reached skill level 8 in Axes
  4810 | D:4      | Found a staircase to the Ecumenical Temple.
  5117 | D:4      | Reached XP level 7. HP: 48/60 MP: 6/6
  5301 | D:5      | Entered Level 5 of the Dungeon
  5323 | D:5      | HP: 3/60 [centaur/arrow (17)]
  5323 | D:5      | Slain by a scorpion

Illustrated notes

Levels and vault maps discovered:
D:1:      mrwooster_arrival_statue_3, layout_basic,
          shapermc_ecumenical_altar_flowoftime, nicolae_figureground_sparkle
D:2:      minmay_razor_zed, layout_basic
D:3:      wander_river, layout_basic, gammafunk_temple_overflow_claw,
          mainiacjoe_overflow_24_doors, portal_sewer_entry_e,
          hangedman_decor_points
D:4:      cheibrodos_greedy_goblins, layout_basic, lemuel_doored_altar,
          minmay_temple_entry_sparse_star, minmay_circle_x
D:5:      layout_gridville, nicolae_qazlal_style_of_elements,
          mainiacjoe_overflow_divided_tiny

Skill      XL: |  1  2  3  4  5  6  7 |
---------------+----------------------+-----
Fighting       | 4 |  4.3
Axes           | 4 5 7 8 |  8.3
Armour         | 3 |  3.4
Dodging        | 3 |  3.0
Long Blades    | 2 3 |  3.3

Action                   |  1- 3 |  4- 6 |  7- 9 || total
-------------------------+-------+-------+-------++-------
Melee: Hand axe          |    97 |   136 |       ||   233
       Headbutt          |    18 |    14 |     2 ||    34
       Punch             |     1 |     1 |       ||     2
       Executioner's axe |       |    15 |       ||    15
       Demon blade       |       |    10 |    13 ||    23
Throw: Dart              |       |    20 |       ||    20
       Stone             |       |     1 |       ||     1
  Use: Scroll            |       |     9 |       ||     9
       Potion            |       |     3 |       ||     3
 Stab: Sleeping          |     1 |       |       ||     1
Armor: Animal skin       |    11 |       |       ||    11
       Leather armour    |     5 |     2 |       ||     7
       Ring mail         |       |    34 |     2 ||    36
       Skin              |       |    54 |       ||    54
Dodge: Dodged            |    57 |    83 |     6 ||   146

Table legend: (Time is in decaauts)
 A = Elapsed time spent in this place.
 B = Non-inter-level travel time spent in this place.
 C = Inter-level travel time spent in this place.
 D = Time resting spent in this place.
 E = Time spent auto-exploring this place.
 F = Levels seen in this place.
 G = Mean time per level.
                   A        B        C        D        E       F      G
               +--------+--------+--------+--------+--------+-----+--------+
         Total |   5365 |   5222 |    143 |    484 |   3610 |   5 | 1073.0 |
       Dungeon |   5365 |   5222 |    143 |    484 |   3610 |   5 | 1073.0 |
               +--------+--------+--------+--------+--------+-----+--------+

Top non-repeatable levels by time:
     D:4: 1751 daAuts
     D:2: 1480 daAuts
     D:1: 1091 daAuts
     D:3: 1019 daAuts
     D:5: 22 daAuts
